Map: Central Protocol

Players

Eerdna

  • Race: Zerg Zerg

Chris (MCanning) - Winner!

  • Race: Protoss Protoss

VOD

Have the link to the VOD?

Description

Time

  • Played on: Nov. 11, 2015, 12:06 a.m.
  • Length: 9:29
Show
View Real Time Build Order
Export as new Build Order

Eerdna Zerg 

Build Orders: 3 Hatch before Pool 

Get SALT Encoding   

  12  0:01  Drone  
  13  0:16  Drone  
  13  0:17  Overlord  
  14  0:35  Drone x2  
  16  0:38  Drone  
  17  0:49  Drone  
  18  1:00  Drone  
  18  1:03  Hatchery  
  18  1:10  Drone  
  19  1:27  Drone  
  20  1:33  Drone  
  21  1:42  Drone  
  21  1:45  Hatchery  
  21  1:55  Drone, Spawning Pool  
  21  2:00  Extractor  
  20  2:05  Drone  
  21  2:15  Overlord  
  21  2:17  Drone  
  22  2:28  Drone  
  23  2:32  Overlord  
  23  2:42  Zergling x2  
  23  2:43  Queen  
  23  2:44  Queen  
  26  2:46  Drone  
  26  2:48  Zergling x2  
  26  2:51  Drone  
  31  2:57  Queen  
  33  2:58  Drone  
  33  3:00  Zergling x2  
  33  3:04  Metabolic Boost  
  35  3:05  Drone  
  35  3:12  Drone  
  37  3:13  Overlord  
  37  3:16  Drone  
  37  3:32  Drone x2  
  37  3:33  Overlord x2  
  39  3:41  Extractor  
  38  3:45  Roach Warren  
  38  3:46  Lair  
  38  3:47  Drone x2  
  38  3:48  Drone  
  40  3:51  Drone  
  40  3:52  Drone  
  40  3:54  Drone  
  43  3:56  Zergling x2  
  43  3:58  Zergling x2  
  43  4:00  Zergling x2  
  43  4:02  Zergling x2  
  47  4:07  Drone x3  
  50  4:10  Drone x2  
  50  4:14  Drone x2  
  50  4:16  Zergling x2  
  55  4:28  Hatchery  
  54  4:39  Roach x4  
  54  4:40  Drone  
  54  4:41  Drone x4  
  54  4:43  Drone  
  54  4:45  Drone  
  69  4:46  Drone  
  69  4:48  Drone  
  69  4:49  Drone  
  69  4:50  Drone  
  73  4:53  Overlord  
  73  4:59  Glial Reconstitution  
  73  5:11  Roach  
  73  5:12  Roach  
  73  5:13  Roach  
  73  5:14  Roach x3  
  81  5:16  Overlord  
  81  5:17  Overlord, Extractor  
  81  5:18  Overlord x3  
  80  5:21  Extractor  
  80  5:23  Drone x2  
  80  5:25  Extractor  
  80  5:31  Evolution Chamber  
  80  5:32  Roach  
  80  5:35  Roach x3  
  87  5:46  Roach  
  87  5:48  Roach x2  
  93  5:53  Drone x2  
  93  5:54  Drone x4  
  86  6:13  Drone  
  86  6:14  Drone x6  
  92  6:25  Roach x4  
  100  6:26  Roach  
  100  6:39  Spine Crawler  
  99  6:40  Drone x2  
  99  6:41  Drone x3  
  99  6:42  Drone x3  
  99  6:43  Drone  
  99  6:44  Drone x4  
  108  6:56  Roach x3  
  96  7:13  Roach  
  96  7:14  Roach x5  
  102  7:16  Roach x3  
  102  7:19  Zerg Ground Armor Level 1  
  102  7:22  Roach  
  110  7:23  Roach  
  110  7:24  Roach x2  
  110  7:30  Hatchery  
  110  7:35  Roach x3  
  111  7:38  Queen  
  111  7:43  Spine Crawler  
  111  7:44  Roach x3  
  114  7:46  Spine Crawler  
  114  7:47  Spine Crawler  
  114  7:48  Roach x2  
  114  7:50  Roach x3  
  126  7:55  Burrow  
  126  7:59  Infestation Pit  
  126  8:04  Roach  
  127  8:06  Overlord x4  
  127  8:07  Overlord  
  95  8:21  Roach  
  95  8:22  Roach x6  
  95  8:24  Roach  
  101  8:30  Roach x5  
  93  8:45  Roach x5  
  87  8:55  Roach  
  71  8:57  Roach  
  71  8:58  Roach x4  
  71  9:00  Roach  
  71  9:01  Roach x2  
  69  9:04  Roach x5  
Show
View Real Time Build Order
Export as new Build Order

Chris Protoss - Winner!

Build Orders:  

Get SALT Encoding   

  12  0:01  Probe (Chrono Boost)  
  13  0:11  Probe (Chrono Boost)  
  14  0:21  Pylon  
  14  0:22  Probe (Chrono Boost)  
  15  0:39  Probe (Chrono Boost)  
  16  0:50  Probe (Chrono Boost)  
  17  1:01  Probe (Chrono Boost)  
  18  1:06  Nexus  
  18  1:14  Probe (Chrono Boost), Gateway  
  19  1:25  Probe (Chrono Boost)  
  20  1:31  Assimilator  
  20  1:35  Probe (Chrono Boost), Assimilator  
  21  1:46  Probe (Chrono Boost)  
  21  1:53  Pylon  
  21  1:56  Probe (Chrono Boost)  
  22  2:07  Probe (Chrono Boost)  
  23  2:11  Zealot  
  23  2:12  Cybernetics Core  
  25  2:17  Probe (Chrono Boost)  
  25  2:20  Gateway  
  26  2:25  Probe (Chrono Boost)  
  26  2:28  Probe (Chrono Boost)  
  28  2:36  Probe (Chrono Boost)  
  29  2:39  Probe (Chrono Boost)  
  30  2:46  Probe (Chrono Boost)  
  30  2:49  Probe (Chrono Boost)  
  32  2:55  Stalker  
  32  2:57  Mothership Core (Chrono Boost), Warp Gate  
  36  3:00  Probe (Chrono Boost)  
  37  3:08  Pylon  
  37  3:10  Probe (Chrono Boost)  
  38  3:15  Probe (Chrono Boost)  
  39  3:21  Probe (Chrono Boost)  
  39  3:24  Sentry  
  39  3:26  Probe (Chrono Boost)  
  42  3:31  Probe (Chrono Boost)  
  43  3:36  Sentry, Probe (Chrono Boost), Robotics Facility  
  46  3:42  Probe (Chrono Boost)  
  46  3:46  Pylon  
  46  3:47  Probe (Chrono Boost)  
  48  3:52  Probe (Chrono Boost)  
  48  3:53  Gateway  
  48  3:54  Gateway  
  49  3:57  Probe (Chrono Boost)  
  49  3:59  Assimilator  
  50  4:03  Probe (Chrono Boost), Assimilator  
  50  4:04  Sentry  
  53  4:10  Probe (Chrono Boost)  
  53  4:13  Probe (Chrono Boost)  
  55  4:19  Forge  
  55  4:21  Probe (Chrono Boost)  
  56  4:25  Observer (Chrono Boost)  
  56  4:26  Probe  
  56  4:30  Pylon  
  58  4:34  Twilight Council  
  58  4:36  Probe, Pylon  
  59  4:41  Probe  
  60  4:49  Warp Prism (Chrono Boost)  
  60  4:51  Pylon  
  62  4:57  Protoss Ground Weapons Level 1 (Chrono Boost)  
  62  4:59  Probe  
  63  5:04  Robotics Bay  
  63  5:12  Photon Cannon  
  63  5:14  Blink (Chrono Boost)  
  63  5:32  Observer  
  64  5:37  Adept  
  64  5:38  Adept x3, Pylon  
  71  5:51  Disruptor  
  74  5:58  Adept  
  74  5:59  Adept x3  
  82  6:04  Nexus  
  82  6:07  Pylon x2  
  80  6:12  Probe  
  80  6:18  Probe  
  80  6:24  Probe  
  77  6:31  Probe  
  78  6:33  Adept x2  
  78  6:34  Adept x2  
  78  6:36  Probe  
  78  6:37  Disruptor, Photon Cannon  
  78  6:39  Gateway  
  87  6:41  Gateway  
  87  6:44  Assimilator  
  90  6:50  Assimilator  
  86  7:07  Stalker x3  
  86  7:08  Stalker, Disruptor  
  92  7:15  Probe  
  92  7:20  Photon Cannon  
  92  7:23  Photon Cannon  
  92  7:33  Stalker x3  
  98  7:38  Probe, Zealot  
  98  7:43  Probe  
  102  7:46  Probe  
  102  7:47  Zealot x2  
  107  7:57  Zealot  
  107  7:58  Zealot x2  
  113  8:00  Stalker  
  115  8:08  Probe  
  116  8:13  Probe  
  116  8:18  Stalker x2  
  115  8:22  Stalker  
  117  8:31  Pylon x2  
  117  8:33  Pylon  
  109  8:37  Zealot x3  
  109  8:41  Disruptor (Chrono Boost)  
  110  8:52  Probe  
  99  8:57  Probe  
  99  8:59  Stalker x4  
  99  9:00  Stalker x2  
  102  9:05  Probe  
  103  9:11  Gateway, Probe  
  103  9:13  Gateway x2  
Tags
 
Add a new tag
Caveats
  • Supply blocks, unpowered buildings, or Contaminate may cause inaccurate times.
  • Supply counts are checked every 10 seconds.